 Dungeon Crawl Stone Soup version 0.21.1-1-g345015f (webtiles) character file.

310 PauBabau the Cudgeler (level 6, 0/62 HPs)
             Began as an Ogre Gladiator on Feb 8, 2018.
             Slain by an orc
             ... wielding a +0 whip
              (2 damage)
             ... on level 4 of the Dungeon.
             The game lasted 00:14:48 (2840 turns).

PauBabau the Cudgeler (Ogre Gladiator)              Turns: 2840, Time: 00:14:48

Health: 0/62       AC:  3    Str: 21    XL:     6   Next: 41%
Magic:  6/6        EV: 11    Int:  9    God:
Gold:   154        SH:  0    Dex: 10    Spells: 5/5 levels left

rFire    . . .     SeeInvis .   v - +0 giant club
rCold    . . .     Gourm    .   (shield currently unavailable)
rNeg     . . .     Faith    .   b - +0 robe
rPois    .         Spirit   .   c - +0 hat
rElec    .         Reflect  .   (no cloak)
rCorr    .         Harm     .   (gloves unavailable)
MR       .....                  (boots unavailable)
Stlth    +.........             (no amulet)
HPRegen  0.20/turn              (no ring)
MPRegen  0.10/turn              (no ring)

@: no status effects
A: large, unfitting armour, tough skin 1
a: no special abilities


You were on level 4 of the Dungeon.
You were not hungry.

You visited 1 branch of the dungeon, and saw 4 of its levels.

You collected 154 gold pieces.

Inventory:

Hand Weapons
 r - a +1 whip of electrocution
 v - a +0 giant club (weapon)
Armour
 b - a +0 robe (worn)
 c - a +0 hat (worn)
Scrolls
 d - 2 scrolls of fear {unknown}
 g - 4 scrolls of teleportation {unknown}
 h - a scroll of immolation {unknown}
 j - 3 scrolls of identify {unknown}
 n - 3 scrolls of remove curse {unknown}
 p - a scroll of enchant armour {unknown}
 t - a scroll of noise {unknown}
Potions
 e - a potion of haste {unknown}
 i - a potion of might {unknown}
 l - a potion of lignification {unknown}
 m - a potion of flight {unknown}
 o - a potion of mutation {unknown}
 s - 3 potions of curing {unknown}
Comestibles
 f - 8 rations


   Skills:
 * Level 4.2 Fighting
 * Level 4.9 Maces & Flails
 + Level 2.0 Throwing
 * Level 1.1 Armour
 * Level 3.8 Dodging


You had 5 spell levels left.
You didn't know any spells.

Dungeon Overview and Level Annotations

Branches:
Dungeon (4/15)             Temple (0/1) D:4

Altars:


Innate Abilities, Weirdness & Mutations

You are too large for most types of armour.
You have tough skin. (AC +1)


Message History

You barely miss the orc. The orc hits you with a club.
The orc priest calls down the wrath of Beogh upon you.
Beogh smites you! The orc closely misses you.
You thump the orc!
You kill the orc!
The orc hits you with a whip.
You barely miss the orc.
The orc priest mumbles some strange prayers to Beogh against you.
Beogh smites you!
You hit the orc.
The orc is almost dead.
The orc wizard casts a spell at you. The magic dart hits you!
* * * LOW HITPOINT WARNING * * *
The orc misses you.
The orc priest mumbles some strange prayers to Beogh against you.
Beogh smites you!
* * * LOW HITPOINT WARNING * * *
The orc hits you with a whip.
You die...

.....#
###.#...#.###
.....#
#.......#
.#####
#.#.....# .#
#.#.....# .#
#.......# .#
#.###..## .#
#.###†.# ### .#
#.%...?###.....
##
##.....@ooo.#
#.......#o###.#
#.#..#..#...
.......##..##
#.##... #..#
#...... ...#
####. ##.# .#


You could see 2 orc priests, an orc wizard and an orc.

Vanquished Creatures
  An ogre (D:4)
  A worker ant (D:4)
  Terence (D:2)
  An iguana (D:4)
  6 adders
  An ooze (D:1)
  A worm (D:3)
  3 dart slugs
  4 leopard geckos
  5 orcs
  9 bats
  4 giant cockroaches
  8 hobgoblins
  2 jackals (D:4)
  2 quokkas
  4 frilled lizards
  4 goblins
  13 kobolds
  11 rats
81 creatures vanquished.

Notes
Turn   | Place    | Note
-------+----------+-------------------------------------------
     0 | D:1      | PauBabau the Ogre Gladiator began the quest for the Orb.
     0 | D:1      | Reached XP level 1. HP: 22/22 MP: 1/1
   343 | D:1      | Reached XP level 2. HP: 21/29 MP: 2/2
   599 | D:1      | Reached XP level 3. HP: 18/37 MP: 3/3
   841 | D:2      | Noticed Terence
   857 | D:2      | Killed Terence
   857 | D:2      | Reached XP level 4. HP: 39/45 MP: 4/4
  1549 | D:3      | Reached XP level 5. HP: 48/53 MP: 5/5
  2524 | D:4      | Found a staircase to the Ecumenical Temple.
  2600 | D:4      | Reached skill level 1 in Armour
  2600 | D:4      | Reached XP level 6. HP: 31/62 MP: 6/6
  2840 | D:4      | HP: 2/62 [orc priest/divine providence (11)]
  2840 | D:4      | Slain by an orc

Skill      XL: |  1  2  3  4  5 |
---------------+----------------+-----
Maces & Flails | 3 4 |  4.9
Fighting       | 3 4 |  4.2
Dodging        | 3 |  3.8
Armour         | 1 |  1.1
Throwing       | |  2.0

Action                   |  1- 3 |  4- 6 || total
-------------------------+-------+-------++-------
Melee: Flail             |   123 |   104 ||   227
       Whip              |       |    70 ||    70
       Giant club        |       |     7 ||     7
Throw: Throwing net      |     6 |       ||     6
 Stab: Held in net/web   |     1 |       ||     1
       Sleeping          |     1 |       ||     1
  Eat: Chunk             |       |     7 ||     7
Armor: Robe              |    49 |    34 ||    83
Dodge: Dodged            |    72 |   107 ||   179
